 Dungeon Crawl Stone Soup version 0.18-a0-1760-gbb863503 (webtiles) character file.

10637 RajunCajun1 the Blocker (level 11, -4/150 HPs)
             Began as a Deep Dwarf Fighter on Apr 12, 2016.
             Was a High Priest of Makhleb.
             Slain by an orc warrior
             ... wielding a +0 short sword
             ... led by an orc warlord
              (17 damage)
             ... on level 2 of the Orcish Mines on Apr 13, 2016.
             The game lasted 04:54:23 (8710 turns).

RajunCajun1 the Blocker (Deep Dwarf Fighter)        Turns: 8710, Time: 04:54:26

Health: -4/150     AC: 25    Str: 22    XL:     11   Next: 38%
Magic:  6/6        EV:  2    Int: 10    God:    Makhleb [*****.]
Gold:   264        SH:  0    Dex: 12    Spells: 0 memorised, 10 levels left

rFire  . . .     SeeInvis +     K - +3 war axe (elec)
rCold  . . .     Gourm    .     (armour currently unavailable)
rNeg   + + +     Faith    +     c - +2 shield
rPois  +         Spirit   .     (helmet currently unavailable)
rElec  .         Dismiss  .     (cloak currently unavailable)
rCorr  .         Reflect  .     (gloves currently unavailable)
SustAt .         Harm     .     (boots currently unavailable)
MR     ++...     NoTele   +     y - amulet of faith
Stlth  +.........               t - ring of protection from magic
                                O - ring of see invisible

@: confused, tree-form, non-regenerating, very resistant to hostile
enchantments, very unstealthy
A: damage resistance, recharge devices, sense surroundings 2, slow regeneration
3
a: Device Recharging, Minor Destruction, Lesser Servant of Makhleb, Major
Destruction, Greater Servant of Makhleb, Renounce Religion


You were on level 2 of the Orcish Mines.
You worshipped Makhleb.
Makhleb was extremely pleased with you.
You were not hungry.
You were a tree.
You visited 2 branches of the dungeon, and saw 12 of its levels.

You collected 1013 gold pieces.
You spent 749 gold pieces at shops.

Inventory:

Hand Weapons
 a - a +2 war axe
 K - a +3 war axe of electrocution (weapon)
 N - a cursed +2 halberd
 Q - a +0 vampiric war axe
Missiles
 i - 8 poisoned tomahawks (quivered)
 F - 6 tomahawks
 J - 2 throwing nets
Armour
 c - a +2 shield (worn)
 q - a +0 pair of gloves (melded)
 u - a +3 chain mail of fire resistance (melded)
Jewellery
 l - an uncursed ring of magical power
 p - an uncursed amulet of dismissal
 t - a ring of protection from magic (right branch)
 x - an uncursed amulet of magic regeneration
 y - an amulet of faith (around neck)
 D - an uncursed ring of flight
 O - a ring of see invisible (left branch)
 P - the ring "Leptebb" {rF+ Int+5}
   (You bought it in a shop on level 9 of the Dungeon)

   [ring of protection from fire]

   It affects your intelligence (+5).
   It protects you from fire.
Wands
 e - a wand of heal wounds (0/9)
 j - a wand of random effects (13/48)
 v - a wand of iceblast (5/15)
 E - a wand of teleportation (0/9)
 S - a wand of random effects (21/48)
Scrolls
 g - 5 scrolls of teleportation
 n - 5 scrolls of remove curse
 s - a scroll of fog
 w - a scroll of fear
 z - 2 scrolls of blinking
 B - 3 scrolls of noise
 C - a scroll of magic mapping
 H - 2 scrolls of immolation
Potions
 d - 4 potions of might
 h - 4 potions of ambrosia
 k - 2 potions of mutation
 m - 2 potions of magic {unknown}
 o - a potion of haste {unknown}
 r - 4 potions of lignification
 I - a potion of agility {unknown}
 L - 6 potions of curing
 R - 2 potions of flight {unknown}
Comestibles
 b - a meat ration
 f - 2 bread rations
 M - 19 fruits


   Skills:
 + Level 7.2 Fighting
 + Level 9.1 Axes
 + Level 9.8 Armour
 + Level 8.0 Dodging
 + Level 1.6 Stealth
 + Level 10.0 Shields
 + Level 3.6 Evocations


You had 10 spell levels left.
You didn't know any spells.

Dungeon Overview and Level Annotations

Branches:
Dungeon (10/15)            Temple (0/1) D:5            Lair (0/8) D:10
    Orc (2/2) D:10
    Elf: Orc:2

Altars:
Dithmenos
Elyvilon
Fedhas
Makhleb
Okawaru
Qazlal
Trog
Yredelemnul
Zin
The Shining One
Beogh

Shops:
D:9 :*}!!   D:10 }

Annotations:
D:5 Prince Ribbit


Innate Abilities, Weirdness & Mutations

You are resistant to damage.
You can recharge devices by infusing magical energy.
You passively map the area around you.
You do not regenerate naturally.


Message History

You hit the orc warlord.
The orc warlord is heavily wounded.
You slash the orc warrior!
The orc warrior is almost dead.
The red devil disappears in a puff of smoke!
The ynoxinul disappears in a puff of smoke!
The ogre hits you but does no damage.
The orc warrior hits you but does no damage.
The orc warlord roars a battlecry!
The orc warrior goes into a battle-frenzy!
The orc warlord hits you but does no damage.
The orc warrior barely misses you.
You are confused.
You feel invigorated.
The orc warrior hits you from afar with a trident!
* * * LOW HITPOINT WARNING * * *
The ogre hits you but does no damage.
The orc warlord hits you but does no damage.
The orc warrior hits you with a short sword!!
You die...

## #.....##..## ,
,* * ..#
......#...# , ,
...# .........# *
, 8...##........#
* *
,....8...8...8.#**
*,
,§..oo§........+
*, .
,,,.ooo8o..8...8.#
** ###. ,, ,
##ooO.....# * ,
.... ,
*#.o♣o.....#
####.#*
#......#...#
+....#, ** *
#.....##,.##
#....# #.....#,
#####....##
#.....##,,
#.......[. * *
#.....# ,
*#.#####+## ,
*#.....## #.#..# ,
, , .....#* ,
#.'..#, * * ,,
###..# #


You could see an orc warlord, 3 orc warriors, an ogre, an orc wizard and 2 orcs.

Vanquished Creatures
  A centaur warrior (D:9)
  An unseen horror (D:10)
  2 hill giants (D:10)
  The ghost of Gottschkopf the Blocker, a novice MiFi (D:5)
  An orc sorcerer (Orc:2)
  A griffon (D:8)
  A gargoyle (D:10)
  4 two-headed ogres (Orc:2)
  2 hippogriffs (D:10)
  A steam dragon (D:7)
  Menkaure (D:5)
  Edmund (D:4)
  A water moccasin (D:8)
  A warg (Orc:2)
  11 orc warriors
  3 sky beasts
  A black bear (D:9)
  2 ice beasts
  10 ogres
  A crocodile (D:7)
  4 centaurs
  6 big kobolds
  6 giant frogs
  A water moccasin zombie (D:6)
  4 scorpions
  A wight (D:8)
  A howler monkey (D:4)
  3 crimson imps
  A quasit (D:6)
  2 hounds
  2 giant frog skeletons
  6 orc priests
  A centaur skeleton (D:9)
  10 orc wizards
  3 iguanas
  Natasha (thrice) (D:2)
  6 worker ants
  A hound skeleton (D:9)
  3 worker ant zombies
  A howler monkey zombie (D:5)
  6 gnolls
  9 adders
  A shadow imp (D:10)
  2 worms
  2 dart slugs (D:1)
  4 giant geckos
  71 orcs
  2 ball pythons
  3 giant cockroaches
  10 goblins
  13 hobgoblins
  8 jackals
  4 quokkas
  6 bats
  4 giant newts
  A jackal skeleton (D:4)
  A jackal zombie (D:8)
  45 kobolds
  A quokka skeleton (D:7)
  13 rats
318 creatures vanquished.

Notes
Turn   | Place    | Note
--------------------------------------------------------------
     0 | D:1      | RajunCajun1 the Deep Dwarf Fighter began the quest for the Orb.
     0 | D:1      | Reached XP level 1. HP: 20/20 MP: 1/1
   164 | D:1      | Reached XP level 2. HP: 24/27 MP: 2/2
   555 | D:1      | Reached XP level 3. HP: 30/34 MP: 3/3
   986 | D:2      | Reached skill level 1 in Dodging
  1049 | D:2      | Noticed Natasha
  1065 | D:2      | Killed Natasha
  1065 | D:2      | Reached skill level 4 in Shields
  1065 | D:2      | Reached XP level 4. HP: 20/42 MP: 4/4
  1107 | D:2      | Noticed Natasha
  1112 | D:2      | Killed Natasha
  1119 | D:2      | Noticed Natasha
  1143 | D:2      | Killed Natasha
  1415 | D:2      | Reached XP level 5. HP: 34/49 MP: 5/5
  1714 | D:3      | Found an iron altar of Okawaru.
  2180 | D:3      | Found a basalt altar of Yredelemnul.
  2190 | D:3      | Upgraded the game from 0.18-a0-1745-gffa9a88 to 0.18-a0-1760-gbb863503
  2471 | D:3      | Reached XP level 6. HP: 42/56 MP: 6/6
  2496 | D:3      | Reached skill level 5 in Shields
  2501 | D:3      | Reached skill level 5 in Armour
  2664 | D:3      | Reached XP level 7. HP: 24/63 MP: 7/7
  2992 | D:4      | Noticed Edmund
  3100 | D:4      | Found a shadowy altar of Dithmenos.
  3187 | D:4      | Killed Edmund
  3419 | D:4      | Found a bloodstained altar of Trog.
  3419 | D:4      | Found a burning altar of Makhleb.
  3423 | D:4      | Became a worshipper of Makhleb the Destroyer
  3508 | D:5      | Entered Level 5 of the Dungeon
  3536 | D:5      | Noticed Menkaure
  3555 | D:5      | Killed Menkaure
  3555 | D:5      | Reached skill level 1 in Evocations
  3594 | D:5      | Noticed Gottschkopf's ghost (novice MiFi)
  3622 | D:5      | Killed Gottschkopf's ghost
  3622 | D:5      | Reached skill level 5 in Dodging
  3622 | D:5      | Reached skill level 6 in Shields
  3622 | D:5      | Reached XP level 8. HP: 33/73 MP: 5/5
  3767 | D:5      | Reached * piety under Makhleb
  3855 | D:5      | Found a staircase to the Ecumenical Temple.
  4035 | D:5      | Reached skill level 5 in Axes
  4078 | D:5      | Noticed Prince Ribbit
  4117 | D:5      | HP: 2/73 [Prince Ribbit (2)]
  4480 | D:6      | Gained mutation: You passively map the area around you. [Deep Dwarf growth]
  4480 | D:6      | Reached XP level 9. HP: 52/79 MP: 4/4
  4512 | D:6      | Reached ** piety under Makhleb
  4683 | D:6      | HP: 2/80 [orc warrior/trident (12)]
  4691 | D:6      | Reached skill level 7 in Shields
  4754 | D:6      | Reached skill level 5 in Fighting
  5061 | D:6      | You fall through a shaft for 2 floors!
  5061 | D:8      | Noticed a griffon
  5085 | D:8      | Killed a griffon
  5342 | D:7      | Reached *** piety under Makhleb
  5686 | D:7      | Found a stormy altar of Qazlal.
  6092 | D:8      | Found a white marble altar of Elyvilon.
  6092 | D:8      | Found a glowing silver altar of Zin.
  6092 | D:8      | Found a glowing golden altar of the Shining One.
  6168 | D:8      | Reached XP level 10. HP: 82/91 MP: 6/6
  6351 | D:8      | Reached skill level 8 in Shields
  6388 | D:8      | Found a blossoming altar of Fedhas.
  6924 | D:9      | Found Cukecuv's Distillery.
  6951 | D:9      | Bought a potion of heal wounds for 75 gold pieces
  6951 | D:9      | Bought a potion of berserk rage for 75 gold pieces
  6951 | D:9      | Bought a potion of might for 60 gold pieces
  6951 | D:9      | Bought a potion of curing for 45 gold pieces
  6951 | D:9      | Bought a potion of might for 60 gold pieces
  6990 | D:9      | Found Beletz's Distillery.
  6998 | D:9      | Bought a potion of mutation for 25 gold pieces
  6998 | D:9      | Bought a potion of ambrosia for 80 gold pieces
  6998 | D:9      | Bought a potion of curing for 30 gold pieces
  6998 | D:9      | Bought a potion of lignification for 30 gold pieces
  6998 | D:9      | Bought a potion of might for 40 gold pieces
  7078 | D:9      | Found Vaom's Gadget Emporium.
  7086 | D:9      | Reached **** piety under Makhleb
  7151 | D:9      | Found Bara Mokenu's Book Shop.
  7222 | D:9      | Found Rybo Raz's Assorted Antiques.
  7226 | D:9      | Bought a glowing war axe for 94 gold pieces
  7226 | D:9      | Bought a scintillating granite ring for 135 gold pieces
  7449 | D:9      | Noticed a centaur warrior
  7471 | D:9      | Killed a centaur warrior
  7471 | D:9      | Reached skill level 1 in Stealth
  7620 | D:10     | Entered Level 10 of the Dungeon
  7673 | D:10     | Noticed an unseen horror
  7698 | D:10     | Killed an unseen horror
  7698 | D:10     | Reached skill level 9 in Shields
  7890 | D:10     | Noticed a hill giant
  7897 | D:10     | Killed a hill giant
  7943 | D:10     | Found Gywkuc's Gadget Emporium.
  7990 | D:10     | Noticed a hill giant
  8007 | D:10     | Killed a hill giant
  8059 | D:10     | Reached XP level 11. HP: 99/99 MP: 6/6
  8151 | D:10     | Found a staircase to the Lair.
  8182 | D:10     | Identified the ring "Leptebb" {rF+ Int+5} (You bought it in a shop on level 9 of the Dungeon)
  8227 | D:10     | Found a staircase to the Orcish Mines.
  8245 | Orc:1    | Entered Level 1 of the Orcish Mines
  8308 | Orc:2    | Entered Level 2 of the Orcish Mines
  8311 | Orc:2    | Reached ***** piety under Makhleb
  8689 | Orc:2    | Noticed an orc warlord
  8690 | Orc:2    | Noticed an orc sorcerer
  8692 | Orc:2    | Found a roughly hewn altar of Beogh.
  8693 | Orc:2    | Noticed a soul eater
  8708 | Orc:2    | Reached skill level 10 in Shields
  8709 | Orc:2    | Killed an orc sorcerer
  8710 | Orc:2    | Slain by an orc warrior

Vault maps used:
D:1:      dpeg_arrival_subterranean_lakeside_camping
D:2:      minmay_quantized, uniq_natasha
D:3:      minmay_goblin_kobold_castle, lemuel_coloured_pillars_altar,
          okawaru_ov_weapons_minmay
D:4:      gammafunk_temple_overflow_elements, grunt_dithmenos_smoke_and_mirrors,
          uniq_edmund
D:5:      temple_green, first_bread, uniq_prince_ribbit1, uniq_menkaure
D:7:      grunt_qazlal_sundering
D:8:      good_gods_mini_temple, hangedman_tree_tricks, minmay_three_doors
D:9:      serial_shops, shop, shop, shop, nicolae_shop_trees, shop_coins
D:10:     lair_0_dummy, orc_0_dummy, serial_shops, shop_statue
Orc:2:    pubby_orc_utopia

Skill      XL: |  1  2  3  4  5  6  7  8  9 10 11 |
---------------+----------------------------------+-----
Fighting       | 3 4 5 6 7 |  7.2
Dodging        | 1 2 3 5 6 7 8 |  8.0
Armour         | 4 5 6 7 8 9 |  9.8
Shields        | 4 5 6 7 9 10 | 10.0
Axes           | 3 4 5 7 8 9 |  9.1
Evocations     | 2 3 |  3.6
Stealth        | 1 |  1.6

Action                   |  1- 3 |  4- 6 |  7- 9 | 10-12 || total
-------------------------+-------+-------+-------+-------++-------
Melee: War axe           |   121 |   262 |   463 |   332 ||  1178
Throw: Tomahawk          |       |     7 |     1 |       ||     8
 Abil: Device Recharging |       |       |     6 |     1 ||     7
Evoke: Club              |     1 |     3 |    25 |     6 ||    35
  Use: Scroll            |     7 |     3 |     8 |     4 ||    22
       Potion            |       |     2 |     1 |     5 ||     8
  Eat: Pizza             |       |     1 |     1 |     1 ||     3
       Meat ration       |       |     1 |       |     1 ||     2
       Bread ration      |       |       |     2 |     1 ||     3
       Beef jerky        |       |       |     1 |       ||     1
Armor: Scale mail        |       |    72 |    84 |       ||   156
       Chain mail        |       |       |   116 |   181 ||   297
       Skin              |       |       |       |     8 ||     8
Dodge: Dodged            |       |    61 |   183 |   137 ||   381
Block: Shield            |       |   118 |   341 |   318 ||   777
